 Dungeon Sprint DCSS version 0.30.1-5-ged363bc7ee (webtiles) character file.

Game seed: 16528481619989234047

525 Heoruswealwe the Cleaver (level 7, -5/71 HPs)
             Began as a Hill Orc Fighter on Sept 19, 2023.
             Was an Elder of the Shining One.
             Slain by a flying skull (6 damage)
             ... in the Dungeon (Sprint VII: "The Pits").
             The game lasted 00:06:01 (335 turns).

Heoruswealwe the Cleaver (Hill Orc Fighter)          Turns: 335, Time: 00:06:02

Health: -5/71      AC:  8    Str: 21    XL:     7   Next: 22%
Magic:  7/7        EV:  9    Int:  8    God:    the Shining One [****..]
Gold:   0          SH:  6    Dex: 10    Spells: 6/6 levels left

rFire   . . .        a - +0 war axe
rCold   . . .        d - +0 buckler
rNeg    + + .        c - +0 scale mail
rPois   .            (no helmet)
rElec   .            (no cloak)
rCorr   .            (no gloves)
SInv    .            (no boots)
Will    .....        (no amulet) Stlth
                     (no ring)
HPRegen 0.31/turn    (no ring)
MPRegen 0.10/turn

%: no teleportation
@: on berserk cooldown, slowed, glowing, very slow
A: no striking features
a: Renounce Religion, Divine Shield, Cleansing Flame


You were in the Dungeon.
You worshipped the Shining One.
The Shining One was greatly pleased with you.
You visited 1 branch

Inventory:

Hand Weapons
 a - a +0 war axe (weapon)
Armour
 c - a +0 scale mail (worn)
 d - a +0 buckler (worn)
Potions
 h - 2 potions of invisibility
 i - 2 potions of berserk rage


   Skills:
 + Level 9.8 Fighting
 + Level 10.2 Axes
 + Level 8.9 Armour
 + Level 8.9 Shields


You had 6 spell levels left.
You didn't know any spells.
Your spell library was empty.

Dungeon Overview and Level Annotations

Branches:
Dungeon (1/1)

Altars:
Ashenzari
Cheibriados
Dithmenos
Elyvilon
Fedhas
Gozag
Hepliaklqana
Kikubaaqudgha
Makhleb
Nemelex Xobeh
Okawaru
Qazlal
Ru
Sif Muna
Trog
Uskayaw
Vehumet
Wu Jian
Xom
Yredelemnul
Zin
The Shining One
Beogh
Jiyva
Lugonu


Message History

You have reached level 7!
The floating eye seems to glare at you.
There is an open door here.
Blink to where?
Press: ? - help, Dir - move target
As you read the scroll of blinking, it crumbles to dust.
The black bear attacks as you move away!
The black bear bites you!
The black bear claws you but does no damage.
The black bear claws you. The black bear misses you.
The black bear claws you but does no damage.
You block the black bear's attack.
The floating eye gazes piercingly through you!
You suddenly lose the ability to move!
The flying skull hits you.
* * * LOW HITPOINT WARNING * * *
The black bear bites you.
* * * LOW HITPOINT WARNING * * *
The black bear claws you but does no damage. x2
The floating eye's view fixates on you.
You can move again.
The flying skull hits you but does no damage.
The floating eye gazes piercingly through you!
You shrug off the repeated paralysis!
The flying skull hits you!
* * * LOW HITPOINT WARNING * * *
Okay, then.
The flying skull hits you.
* * * LOW HITPOINT WARNING * * *
You hit the flying skull.
The flying skull is moderately damaged.
The flying skull completely misses you. The flying skull hits you.
* * * LOW HITPOINT WARNING * * *
You barely miss the flying skull.
The flying skull is moderately damaged.
The flying skull barely misses you.
The flying skull hits you but does no damage.
You barely miss the flying skull.
The flying skull is moderately damaged.
The flying skull hits you.
You die...

#.#
#...<...#
#.#
#.......#
#)#
#.......#
#)#########
#.......#
#)......#..
#########
#..#.#..#G#
#.##.##.#.#
#.......#z#
#.##@##.#.+
#..#z#..#'#
#...hG..'.#
###########


You could see a black bear, a flying skull and a floating eye.

Vanquished Creatures
  A redback (D)
  Edmund (D)
  A floating eye (D)
  A scorpion (D)
  An orc priest (D)
  An iguana (D)
  An orc wizard (D)
  A gnoll (D)
  A river rat (D)
  An ufetubus (D)
  2 orcs (D)
  An endoplasm (D)
  A goblin (D)
  A ball python (D)
  A frilled lizard (D)
  A kobold (D)
17 creatures vanquished.

Notes
Turn   | Place    | Note
-------+----------+-------------------------------------------
     0 | D        | Heoruswealwe the Hill Orc Fighter began the quest for the
                  | Orb.
     0 | D        | Reached XP level 1. HP: 19/19 MP: 1/1
    33 | D        | Reached skill level 3 in Axes
    48 | D        | Reached skill level 4 in Axes
    48 | D        | Reached XP level 2. HP: 19/28 MP: 2/2
    99 | D        | Found a bloodstained altar of Trog.
    99 | D        | Found a shimmering blue altar of Sif Muna.
    99 | D        | Found a viscous altar of Jiyva.
    99 | D        | Found a hazy altar of Hepliaklqana.
    99 | D        | Found an opulent altar of Gozag.
   100 | D        | Found a glowing golden altar of the Shining One.
   100 | D        | Found a glowing silver altar of Zin.
   100 | D        | Found a basalt altar of Yredelemnul.
   100 | D        | Found a shimmering altar of Xom.
   100 | D        | Found an ornate altar of the Wu Jian Council.
   100 | D        | Found a sacrificial altar of Ru.
   100 | D        | Found a stormy altar of Qazlal.
   100 | D        | Found an iron altar of Okawaru.
   100 | D        | Found a sparkling altar of Nemelex Xobeh.
   100 | D        | Found a burning altar of Makhleb.
   100 | D        | Found a blossoming altar of Fedhas.
   100 | D        | Found a white marble altar of Elyvilon.
   100 | D        | Found a shadowy altar of Dithmenos.
   100 | D        | Found a snail-covered altar of Cheibriados.
   101 | D        | Found a radiant altar of Vehumet.
   101 | D        | Found a corrupted altar of Lugonu.
   101 | D        | Found a roughly hewn altar of Beogh.
   102 | D        | Found a hide-covered altar of Uskayaw.
   102 | D        | Found an ancient bone altar of Kikubaaqudgha.
   102 | D        | Found a broken altar of Ashenzari.
   104 | D        | Became a worshipper of the Shining One
   140 | D        | Reached * piety under the Shining One
   147 | D        | Reached skill level 5 in Fighting
   147 | D        | Reached XP level 3. HP: 32/36 MP: 3/3
   147 | D        | Noticed a scorpion
   152 | D        | Reached skill level 5 in Axes
   152 | D        | Reached skill level 5 in Armour
   152 | D        | Reached skill level 5 in Shields
   163 | D        | Killed a scorpion
   164 | D        | Reached skill level 6 in Axes
   164 | D        | Reached XP level 4. HP: 34/45 MP: 4/4
   168 | D        | Reached ** piety under the Shining One
   169 | D        | Reached skill level 7 in Axes
   169 | D        | Reached XP level 5. HP: 20/52 MP: 5/5
   296 | D        | Noticed a floating eye
   296 | D        | Reached *** piety under the Shining One
   299 | D        | Paralysed by a floating eye for 3 turns
   303 | D        | Killed a floating eye
   304 | D        | Reached skill level 8 in Axes
   304 | D        | Reached XP level 6. HP: 62/62 MP: 6/6
   306 | D        | Noticed a redback
   311 | D        | Killed a redback
   312 | D        | Reached skill level 9 in Axes
   314 | D        | Noticed a flying skull
   314 | D        | Noticed a floating eye
   314 | D        | Noticed a black bear
   314 | D        | Noticed Edmund
   314 | D        | Reached **** piety under the Shining One
   320 | D        | Paralysed by a floating eye for 4 turns
   325 | D        | Killed Edmund
   326 | D        | Reached skill level 10 in Axes
   326 | D        | Reached XP level 7. HP: 32/71 MP: 7/7
   329 | D        | Paralysed by a floating eye for 2 turns
   332 | D        | HP: 3/71 [flying skull (4)]
   333 | D        | HP: 1/71 [flying skull (3)]
   335 | D        | Slain by a flying skull

Illustrated notes

Levels and vault maps discovered:
D:        pitsprint [storerooms_1, entrance_room_1, metal_vault_5, armoury_2,
          mini_pit_1, grid_room_1, main_hall_1, silver_pit, the_coven_2,
          the_vestibule_1, steel_vault_5, golden_pit, hallway_of_sentries,
          crystal_vault_6, iron_vault_1, final_vault]

Skill      XL: |  1  2  3  4  5  6 |
---------------+-------------------+-----
Axes           | 4 6 7 8 10 | 10.2
Fighting       | 4 5 6 7 8 9 |  9.8
Armour         | 4 6 7 8 |  8.9
Shields        | 4 6 7 8 |  8.9

Action                     |  1- 3 |  4- 6 |  7- 9 || total
---------------------------+-------+-------+-------++-------
  Melee: War axe           |    30 |    24 |     3 ||    57
    Use: Potion            |     3 |     2 |       ||     5
         Scroll            |       |       |     1 ||     1
 Armour: Scale mail        |     8 |     7 |     6 ||    21
  Dodge: Dodged            |    11 |     5 |     3 ||    19
  Block: Buckler           |     4 |     2 |     1 ||     7
